 Dungeon Crawl Stone Soup version 0.26.1-11-gd32895ea62 (webtiles) character file.

Game seed: 10132367807905875394

59 H0rd4k the Insei (level 4, -2/28 HPs)
             Began as an Octopode Transmuter on June 29, 2021.
             Slain by a gnoll
             ... wielding a +2 flail of protection
              (13 damage)
             ... on level 4 of the Dungeon.
             The game lasted 00:02:17 (1116 turns).

H0rd4k the Insei (Octopode Transmuter)              Turns: 1116, Time: 00:02:17

Health: -2/28      AC:  2    Str:  9    XL:     4   Next: 3%
Magic:  4/7        EV: 20    Int: 16    God:
Gold:   60         SH:  0    Dex: 17    Spells: 3/7 levels left

rFire    . . .     SeeInvis .     - Unarmed
rCold    . . .     Faith    .   (shield currently unavailable)
rNeg     . . .     Spirit   .   (helmet currently unavailable)
rPois    x         Reflect  .   (no amulet)
rElec    .         Harm     .   (no ring)
rCorr    .         Rampage  .   (no ring)
Will     .....                  (no ring)
Stlth    ++........             (no ring)
HPRegen  0.09/turn              (no ring)
MPRegen  0.10/turn              (no ring)
                                (no ring)
                                (no ring)

@: spider-form
A: tiny, almost no armour, stealthy swim, (amphibious), 8 rings, (constrict 8)
a: End Transformation


You were on level 4 of the Dungeon.
You were a venomous arachnid creature.
You visited 1 branch of the dungeon, and saw 4 of its levels.

You collected 60 gold pieces.

Inventory:

Missiles
 d - 20 poisoned darts
Jewellery
 h - an uncursed amulet of the acrobat {unknown}
Scrolls
 c - a scroll of remove curse {unknown}
 e - 3 scrolls of identify {unknown}
 f - a scroll of random uselessness {unknown}
 g - a scroll of amnesia {unknown}
 i - a scroll of enchant armour {unknown}
Potions
 a - 2 potions of haste {unknown}
 b - 3 potions of lignification {unknown}
 j - 2 potions of heal wounds {unknown}
 k - a potion of berserk rage {unknown}


   Skills:
 + Level 1.0 Fighting
 + Level 2.4 Dodging
 - Level 1.1 Stealth
 + Level 3.9 Unarmed Combat
 * Level 2.2 Spellcasting
 * Level 2.3 Transmutations


You had 3 spell levels left.
You knew the following spells:

 Your Spells              Type           Power        Failure   Level
a - Beastly Appendage     Tmut           18%          21%         1
b - Spider Form           Tmut/Pois      2%           58%         3

Your spell library contained the following spells:

 Spells                   Type           Power        Failure   Level
 Wereblood                Tmut           9%           28%         2
 Animate Skeleton         Necr           2%           41%         1
 Apportation              Tloc           2%           41%         1
 Corona                   Hex            1%           41%         1
 Summon Small Mammal      Summ           4%           41%         1
 Ice Form                 Ice/Tmut       5%           90%         4
 Blade Hands              Tmut           4%           98%         5


Dungeon Overview and Level Annotations

Branches:
Dungeon (4/15)
 Temple: D:4-7

Altars:
Makhleb
Yredelemnul

Shops:
D:4 :

Annotations:
D:4 Edmund


Innate Abilities, Weirdness & Mutations

You cannot wear most types of armour.
You are very stealthy in the water. (Stealth+)
((You are amphibious.))
You can wear up to eight rings at the same time.
((You can use your tentacles to constrict eight enemies at once.))
((Your skin changes colour to match your surroundings (Stealth+).))
((Your rubbery body absorbs attacks. (AC +1, EV +1)))


Message History

Level annotation: Edmund
There is a stone staircase leading up here.
The gnoll hits you with a +2 flail of protection.
The ball python barely misses you. The ball python grabs you.
The ball python constricts you.
You escape the ball python's grasp.
The ball python barely misses you. The ball python misses you.
There is an open door here.
The ball python bites you. The ball python barely misses you.
You tentacle-slap the ball python.
You kill the ball python!
Cast which spell? (? or * to list)
The spell is extremely dangerous to cast (36% risk of failure)!
Continue anyway?
You turn into a venomous arachnid creature.
You hit the gnoll.
The gnoll is lightly wounded.
You barely miss the gnoll.
The gnoll is lightly wounded.
The gnoll hits you with a +2 flail of protection!
You die...

#..#........#.....#
#.########.....# #
#........#.....# #.
#.########.#.....# #..
#............##..#
...#########.....##..#
#####≈≈...............<#
##⌠#⌠##≈................#
#≈≈≈≈§#§#s...##.....##..#
##≈...≈#§#g#####.....##..#
#⌠≈...§#≈#.....#.........#
##≈._..§§+.....#.........#
#⌠≈...≈#≈......#.........#
##≈..§§#≈#....##.....##..#
#≈≈≈§§#≈#....##.....##..#
##⌠#⌠##§#...............#
#####§≈+............>..#


You could see a gnoll.

Vanquished Creatures
  A worker ant (D:4)
  A hound skeleton (D:4)
  A worm (D:2)
  A leopard gecko (D:2)
  An orc (D:4)
  2 ball pythons
  A bat (D:2)
  3 goblins (D:2)
  2 hobgoblins (D:2)
  A kobold (D:2)
  A rat (D:2)
15 creatures vanquished.

Vanquished Creatures (others)
  A withered plant (D:4)
1 creature vanquished.

Grand Total: 16 creatures vanquished

Notes
Turn   | Place    | Note
-------+----------+-------------------------------------------
     0 | D:1      | H0rd4k the Octopode Transmuter began the quest for the Orb.
     0 | D:1      | Reached XP level 1. HP: 13/13 MP: 3/3
    26 | D:1      | You fall into a shaft and drop 1 floor!
   139 | D:2      | Reached XP level 2. HP: 3/18 MP: 5/5
   830 | D:2      | You fall into a shaft and drop 2 floors!
   856 | D:4      | Found a burning altar of Makhleb.
   891 | D:4      | Reached XP level 3. HP: 23/23 MP: 6/6
   921 | D:4      | Found a basalt altar of Yredelemnul.
   922 | D:4      | Found Ezoheem's Book Shop.
   938 | D:4      | Reached skill level 1 in Stealth
   938 | D:4      | Reached XP level 4. HP: 22/28 MP: 7/7
   945 | D:4      | Learned a level 3 spell: Spider Form
  1049 | D:4      | Noticed Edmund
  1116 | D:4      | Slain by a gnoll

Illustrated notes

Levels and vault maps discovered:
D:1:      nzn_arrival_settlement, layout_rooms, minmay_strange_pillars,
          nrook_mini_backslash, minmay_vboxes
D:2:      layout_loops_ring, overflow_temple_1_default, minmay_3d_cube,
          uniq_crazy_yiuf_cottage
D:3:      layout_rooms
D:4:      layout_gridville, minitemple, lightli_temple_of_fire,
          yredelemnul_altar_generic, serial_shops, nicolae_shop_stone,
          minivault_27, uniq_edmund

Skill      XL: |  1  2  3 |
---------------+----------+-----
Stealth        | 1 |  1.1
Fighting       | |  1.0
Dodging        | |  2.4
Unarmed Combat | |  3.9
Spellcasting   | |  2.2
Transmutations | |  2.3

Action                   |  1- 3 |  4- 6 || total
-------------------------+-------+-------++-------
Melee: Unarmed           |    47 |     4 ||    51
       Constrict         |     9 |     1 ||    10
       Tentacles         |     5 |       ||     5
       Punch             |     1 |     1 ||     2
 Cast: Spider Form       |       |     1 ||     1
 Stab: Sleeping          |     3 |       ||     3
Armor: Skin              |     2 |     1 ||     3
Dodge: Dodged            |    27 |     7 ||    34
